 Dungeon Crawl Stone Soup version 0.17.1-2-g5865329 (webtiles) character file.

173 Lisek the Ruffian (level 5, -8/47 HPs)
             Began as a Minotaur Monk on Jan 30, 2016.
             Killed by divine providence
             ... invoked by an orc priest
              (13 damage)
             ... on level 4 of the Dungeon.
             The game lasted 00:07:41 (1215 turns).

Lisek the Ruffian (Minotaur Monk)                   Turns: 1215, Time: 00:07:41

Health: -8/47      AC:  3    Str: 17    XL:     5   Next: 28%
Magic:  4/4        EV:  9    Int:  7    God:
Gold:   28         SH:  0    Dex: 12    Spells: 0 memorised, 4 levels left

rFire  . . .     SeeInvis .       - Unarmed
rCold  . . .     Clarity  .     a - +1 robe
rNeg   . . .     SustAt   .     (no shield)
rPois  .         Gourm    .     (helmet restricted)
rElec  .         Spirit   .     (no cloak)
rCorr  .         Warding  .     (no gloves)
rMut   .         Stasis   .     (no boots)
MR     .....                    (no amulet)
Stlth  ++........               (no ring)
                                (no ring)

@: not resistant to hostile enchantments, unstealthy
A: retaliatory headbutt, horns 2
a: no special abilities


You were on level 4 of the Dungeon.
You were not hungry.

You visited 1 branch of the dungeon, and saw 4 of its levels.

You collected 28 gold pieces.

Inventory:

Armour
 a - a +1 robe (worn)
 d - a +0 ring mail
 h - a +0 robe
Jewellery
 f - an uncursed ring of see invisible {unknown}
 g - an uncursed ring of sustain attributes {unknown}
 j - the ring "Koanabbelya" {*Corrode rElec rPois rC+, unknown}
   (You found it on level 4 of the Dungeon)

   [ring of protection from cold]

   It protects you from cold.
   It insulates you from electricity.
   It protects you from poison.
   It may corrode your equipment when you take damage.
Scrolls
 c - a scroll of fear {unknown}
 k - a scroll of identify {unknown}
Potions
 b - a potion of agility {unknown}
 e - 2 potions of curing {unknown}
Miscellaneous
 i - a plain deck of changes


   Skills:
 + Level 4.5 Fighting
 + Level 4.7 Dodging
 + Level 2.0 Stealth
 + Level 5.6 Unarmed Combat


You had 4 spell levels left.
You didn't know any spells.

Dungeon Overview and Level Annotations

Branches:
Dungeon (4/15)
 Temple: D:4-7

Altars:
Nemelex Xobeh

Annotations:
D:4 Blork the orc


Innate Abilities, Weirdness & Mutations

You reflexively headbutt those who attack you in melee.
You have a pair of horns on your head.


Message History

The adder is severely wounded.
The adder barely misses you.
You hit the adder.
You kill the adder!
Your Stealth skill increases to level 2!
The orc priest mumbles some strange prayers to Beogh against you.
Something smites you!
* * * LOW HITPOINT WARNING * * *
You hit the orc but do no damage. The orc misses you.
You punch the orc!
You kill the orc!
The orc priest calls down the wrath of Beogh upon you.
Something smites you!
* * * LOW HITPOINT WARNING * * *
The orc priest looks braver for a moment.
The orc throws a tomahawk.
There is a stone staircase leading up here.
The orc priest calls down the wrath of Beogh upon you.
Something smites you!
You die...

#.#########.# # ######.### #.#
.. #.........#### #.# ####$#
.............# #.# #...
..#####.#.##.####.######.#####
#.#.##...............[.<
#########.#................####.
#....)(.#....####.#.##.##..# #.
#.#####..o..o..@....##.##..# #.
###.##......####.##..# #.
#.##.###### ..##..# #. #.##.#
#.....# #. #.##.# ..##.## #.
#.##.# #.##.. ...###


You could see an orc priest and an orc.

Vanquished Creatures
  Jessica (D:3)
  An orc wizard (D:3)
  A worker ant (D:4)
  4 adders
  2 oozes
  A worm (D:2)
  3 giant geckos
  10 orcs
  A bat (D:2)
  5 goblins
  4 hobgoblins
  A quokka (D:2)
  A ball python (D:1)
  2 giant newts
  3 kobolds (D:1)
  2 rats
42 creatures vanquished.

Notes
Turn   | Place    | Note
--------------------------------------------------------------
     0 | D:1      | Lisek the Minotaur Monk began the quest for the Orb.
     0 | D:1      | Reached XP level 1. HP: 19/19 MP: 0/0
   136 | D:1      | Reached XP level 2. HP: 16/27 MP: 1/1
   304 | D:2      | Reached skill level 5 in Unarmed Combat
   304 | D:2      | Reached XP level 3. HP: 33/33 MP: 2/2
   526 | D:2      | Found a sparkling altar of Nemelex Xobeh.
   739 | D:2      | Reached XP level 4. HP: 19/40 MP: 3/3
  1127 | D:3      | Noticed Jessica
  1130 | D:3      | Killed Jessica
  1153 | D:4      | Got a smoking gossamer ring
  1171 | D:4      | Reached XP level 5. HP: 34/47 MP: 4/4
  1197 | D:4      | Noticed Blork the orc
  1215 | D:4      | Killed from afar by an orc priest

Action                   |  1- 3 |  4- 6 || total
-------------------------+-------+-------++-------
Melee: Unarmed           |    78 |    34 ||   112
  Use: Scroll            |     1 |       ||     1
 Stab: Sleeping          |     3 |       ||     3
  Eat: Bread ration      |       |     1 ||     1
